General information
- name: BNet
- type: Ladder team game (AT/RT)
- host: Battle.net
- saver: M.ata
map: Friends
- players: 8
- length: 110:35
- speed: Fast
- version: 1.21 W3XP
- replay type: Public
» download(943 KB)
Players
team 1 (winner)
BEAR_AND (
yellow | 71 APM | 7893 actions | 110:35)
6 Dark Ranger
2 Black Arrow
3 Silence
1 Charm
5 Goblin Alchemist
3 Chemical Rage
2 Acid Bomb
» actions
| Assign group hotkey | 16 | |
| Basic commands | 5 | |
| Build / train | 68 | |
| Enter build submenu | 27 | |
| Enter hero's abilities submenu | 14 | |
| Give item / drop item | 7 | |
| Remove unit from queue | 2 | |
| Right click | 5810 | |
| Select / deselect | 684 | |
| Select group hotkey | 947 | |
| Use ability | 312 | |
7893 total
» units
» upgrades
» buildings
| Altar of Elders | 4 | |
| Moon Well | 19 | |
| Tree of Ages | 1 | |
| Tree of Life | 6 | |
| Ancient of Wonders | 2 | |
| Tree of Eternity | 1 | |
33 total
» build order
00:13 Altar of Elders
00:19 Moon Well
01:12 Moon Well
05:45 Moon Well
05:46 Moon Well
05:50 Moon Well
07:02 Tree of Ages
12:16 Tree of Life
17:09 Ancient of Wonders
17:48 Tree of Eternity
24:48 Moon Well
24:49 Moon Well
24:50 Moon Well
24:50 Moon Well
25:42 Ancient of Wonders
27:13 Moon Well
27:14 Moon Well
27:47 Altar of Elders
44:33 Moon Well
44:35 Moon Well
44:36 Moon Well
44:37 Moon Well
44:41 Moon Well
44:42 Moon Well
44:45 Moon Well
73:34 Altar of Elders
92:26 Altar of Elders
97:54 Tree of Life
98:02 Tree of Life
98:04 Tree of Life
100:59 Moon Well
104:36 Tree of Life
104:43 Tree of Life
» items
| Healing Salve | 3 | |
| Lesser Clarity Potion | 3 | |
| Staff of Sanctuary | 1 | |
| Scroll of Town Portal | 1 | |
| Potion of Healing | 1 | |
9 total
iggy_the_fisk (
orange | 88 APM | 9739 actions | 110:35)
5 Archmage
3 Blizzard
2 Brilliance Aura
5 Blood Mage
3 Flame Strike
2 Siphon Mana
4 Pandaren Brewmaster
2 Breath of Fire
1 Drunken Haze
1 Drunken Brawler
» actions
| Assign group hotkey | 122 | |
| Basic commands | 11 | |
| Build / train | 317 | |
| Enter build submenu | 287 | |
| Enter hero's abilities submenu | 14 | |
| Give item / drop item | 1 | |
| Remove unit from queue | 5 | |
| Right click | 4989 | |
| Select / deselect | 1204 | |
| Select group hotkey | 2023 | |
| Use ability | 765 | |
9739 total
» units
| Peasant | 67 | |
| Dragonhawk Rider | 51 | |
118 total
» upgrades
| Masonry | 4 | |
| Lumber Harvesting | 2 | |
| Magic Sentry | 1 | |
| Animal War Training | 1 | |
| Armor | 3 | |
| Swords | 3 | |
14 total
» buildings
| Altar of Kings | 4 | |
| Farm | 26 | |
| Lumber Mill | 3 | |
| Scout Tower | 270 | |
| Arcane Tower | 11 | |
| Guard Tower | 112 | |
| Keep | 1 | |
| Town Hall | 4 | |
| Arcane Vault | 6 | |
| Castle | 1 | |
| Arcane Sanctum | 1 | |
| Gryphon Aviary | 2 | |
| Barracks | 1 | |
| Blacksmith | 1 | |
443 total
» build order
00:21 Altar of Kings
00:44 Farm
00:57 Lumber Mill
01:07 Scout Tower
01:33 Arcane Tower
01:46 Scout Tower
02:00 Farm
02:24 Scout Tower
02:24 Guard Tower
02:39 Scout Tower
02:55 Guard Tower
02:57 Scout Tower
03:07 Scout Tower
03:10 Guard Tower
03:11 Scout Tower
03:34 Guard Tower
03:36 Scout Tower
03:38 Scout Tower
03:46 Guard Tower
03:50 Scout Tower
03:50 Scout Tower
03:59 Guard Tower
04:01 Scout Tower
04:02 Scout Tower
04:11 Guard Tower
04:19 Scout Tower
04:20 Scout Tower
04:22 Guard Tower
04:29 Guard Tower
05:04 Guard Tower
05:07 Scout Tower
05:08 Scout Tower
05:12 Guard Tower
05:17 Scout Tower
05:18 Scout Tower
05:32 Guard Tower
05:34 Scout Tower
05:35 Scout Tower
05:36 Keep
05:46 Guard Tower
05:57 Guard Tower
06:20 Scout Tower
06:51 Scout Tower
06:52 Scout Tower
06:55 Guard Tower
06:57 Scout Tower
06:58 Scout Tower
06:59 Scout Tower
07:04 Guard Tower
07:07 Scout Tower
07:08 Scout Tower
07:22 Guard Tower
07:26 Farm
07:48 Guard Tower
07:52 Scout Tower
07:52 Scout Tower
07:59 Scout Tower
08:02 Scout Tower
08:09 Scout Tower
08:10 Scout Tower
08:15 Scout Tower
08:15 Scout Tower
08:31 Guard Tower
08:33 Scout Tower
08:34 Scout Tower
08:34 Guard Tower
08:52 Guard Tower
09:44 Guard Tower
09:48 Guard Tower
09:51 Scout Tower
09:52 Scout Tower
09:58 Scout Tower
10:01 Scout Tower
10:26 Arcane Tower
10:33 Guard Tower
10:35 Scout Tower
10:40 Scout Tower
10:56 Guard Tower
11:11 Guard Tower
11:43 Town Hall
11:54 Guard Tower
11:56 Scout Tower
11:57 Scout Tower
11:58 Scout Tower
11:59 Scout Tower
11:59 Scout Tower
12:04 Scout Tower
12:37 Guard Tower
12:41 Arcane Vault
14:22 Scout Tower
14:23 Scout Tower
14:23 Scout Tower
14:53 Guard Tower
14:54 Scout Tower
15:14 Castle
16:24 Guard Tower
16:25 Arcane Sanctum
16:49 Gryphon Aviary
16:52 Scout Tower
16:53 Scout Tower
16:54 Scout Tower
16:55 Scout Tower
17:15 Scout Tower
17:16 Scout Tower
17:43 Farm
17:44 Farm
17:56 Guard Tower
18:10 Arcane Tower
19:14 Scout Tower
19:16 Scout Tower
19:17 Scout Tower
19:48 Guard Tower
20:11 Town Hall
20:13 Scout Tower
20:14 Scout Tower
20:15 Scout Tower
20:15 Scout Tower
20:16 Scout Tower
20:17 Scout Tower
22:14 Guard Tower
22:16 Guard Tower
22:30 Guard Tower
22:59 Barracks
23:02 Blacksmith
23:56 Guard Tower
23:59 Town Hall
24:12 Scout Tower
24:13 Scout Tower
24:16 Scout Tower
24:17 Scout Tower
24:37 Scout Tower
24:38 Scout Tower
24:50 Guard Tower
25:04 Guard Tower
25:26 Farm
25:27 Farm
25:32 Guard Tower
25:37 Guard Tower
26:05 Guard Tower
26:07 Scout Tower
26:08 Scout Tower
28:06 Guard Tower
28:07 Scout Tower
28:08 Scout Tower
28:09 Scout Tower
28:10 Scout Tower
28:10 Scout Tower
28:13 Farm
29:57 Arcane Vault
30:39 Town Hall
31:09 Arcane Vault
31:11 Arcane Vault
31:14 Arcane Vault
31:16 Scout Tower
31:17 Scout Tower
31:17 Scout Tower
31:18 Scout Tower
31:18 Scout Tower
31:19 Scout Tower
31:21 Scout Tower
31:22 Scout Tower
31:22 Scout Tower
31:23 Scout Tower
31:23 Scout Tower
31:24 Scout Tower
32:00 Guard Tower
32:02 Scout Tower
32:02 Scout Tower
32:03 Scout Tower
32:04 Scout Tower
32:05 Scout Tower
32:05 Scout Tower
32:12 Farm
32:13 Farm
32:28 Scout Tower
32:29 Scout Tower
32:30 Scout Tower
32:31 Scout Tower
32:35 Scout Tower
32:36 Scout Tower
32:36 Scout Tower
32:38 Scout Tower
33:02 Guard Tower
33:08 Guard Tower
33:21 Guard Tower
33:26 Guard Tower
33:32 Scout Tower
33:33 Scout Tower
33:34 Scout Tower
33:34 Scout Tower
33:37 Guard Tower
33:39 Guard Tower
33:42 Guard Tower
33:42 Guard Tower
33:43 Guard Tower
33:54 Guard Tower
34:02 Guard Tower
34:05 Scout Tower
34:05 Scout Tower
34:50 Guard Tower
34:53 Guard Tower
35:16 Guard Tower
35:21 Arcane Tower
35:25 Guard Tower
35:25 Guard Tower
35:25 Guard Tower
37:10 Scout Tower
37:11 Scout Tower
37:13 Altar of Kings
37:15 Gryphon Aviary
37:21 Scout Tower
37:22 Scout Tower
37:26 Scout Tower
37:27 Scout Tower
38:35 Guard Tower
38:38 Scout Tower
38:38 Scout Tower
39:06 Scout Tower
39:07 Scout Tower
39:09 Scout Tower
39:10 Scout Tower
39:11 Guard Tower
39:16 Guard Tower
39:18 Scout Tower
39:19 Scout Tower
39:21 Scout Tower
39:22 Scout Tower
39:57 Guard Tower
40:01 Scout Tower
40:01 Scout Tower
40:02 Scout Tower
40:04 Guard Tower
40:07 Scout Tower
40:08 Scout Tower
40:08 Scout Tower
40:18 Guard Tower
40:40 Scout Tower
40:41 Scout Tower
40:44 Scout Tower
40:46 Scout Tower
40:48 Guard Tower
40:52 Scout Tower
40:52 Scout Tower
40:53 Scout Tower
40:54 Scout Tower
40:54 Scout Tower
41:35 Guard Tower
41:37 Farm
41:38 Farm
42:47 Guard Tower
42:58 Guard Tower
43:12 Scout Tower
43:13 Scout Tower
43:16 Scout Tower
43:17 Scout Tower
43:19 Guard Tower
43:22 Scout Tower
43:23 Scout Tower
43:25 Guard Tower
43:27 Scout Tower
43:27 Scout Tower
43:28 Scout Tower
44:10 Guard Tower
44:13 Scout Tower
44:14 Scout Tower
44:14 Scout Tower
44:15 Scout Tower
44:21 Guard Tower
44:24 Scout Tower
44:25 Scout Tower
44:27 Guard Tower
44:32 Scout Tower
44:33 Scout Tower
44:59 Guard Tower
45:02 Scout Tower
45:03 Scout Tower
45:23 Guard Tower
45:50 Scout Tower
45:50 Scout Tower
45:52 Guard Tower
45:54 Scout Tower
45:55 Scout Tower
46:25 Guard Tower
46:27 Scout Tower
46:28 Scout Tower
46:32 Scout Tower
46:33 Scout Tower
48:15 Guard Tower
48:24 Scout Tower
48:25 Scout Tower
48:44 Scout Tower
48:45 Scout Tower
48:48 Scout Tower
48:48 Scout Tower
48:49 Arcane Tower
48:55 Scout Tower
48:55 Scout Tower
49:26 Arcane Tower
49:30 Scout Tower
49:31 Scout Tower
49:32 Scout Tower
49:54 Scout Tower
49:55 Scout Tower
49:58 Arcane Tower
50:57 Lumber Mill
51:46 Farm
51:47 Farm
51:49 Guard Tower
56:32 Farm
56:33 Farm
56:37 Farm
56:39 Guard Tower
56:44 Guard Tower
56:47 Guard Tower
56:51 Scout Tower
56:52 Scout Tower
57:05 Scout Tower
57:07 Scout Tower
57:08 Scout Tower
59:09 Farm
59:41 Guard Tower
59:42 Scout Tower
59:45 Guard Tower
59:49 Scout Tower
59:54 Scout Tower
59:55 Scout Tower
61:28 Guard Tower
61:29 Scout Tower
61:32 Guard Tower
63:03 Farm
63:03 Guard Tower
63:06 Scout Tower
63:13 Scout Tower
64:56 Scout Tower
64:58 Scout Tower
65:15 Guard Tower
67:50 Guard Tower
68:34 Scout Tower
69:45 Arcane Tower
69:51 Scout Tower
70:56 Guard Tower
70:58 Scout Tower
72:21 Guard Tower
72:22 Scout Tower
73:47 Arcane Tower
77:20 Scout Tower
78:36 Guard Tower
80:09 Scout Tower
80:11 Scout Tower
80:12 Scout Tower
80:15 Scout Tower
80:17 Scout Tower
80:18 Scout Tower
84:02 Scout Tower
84:03 Scout Tower
84:05 Scout Tower
84:05 Scout Tower
85:02 Guard Tower
85:03 Scout Tower
85:04 Scout Tower
85:39 Guard Tower
85:41 Scout Tower
85:43 Scout Tower
85:52 Scout Tower
85:56 Scout Tower
85:56 Scout Tower
85:58 Scout Tower
85:59 Scout Tower
86:10 Guard Tower
86:14 Scout Tower
86:15 Scout Tower
86:39 Guard Tower
86:42 Scout Tower
86:42 Scout Tower
86:45 Scout Tower
86:46 Scout Tower
86:46 Guard Tower
86:48 Scout Tower
86:49 Scout Tower
86:59 Guard Tower
87:12 Scout Tower
87:13 Scout Tower
87:14 Guard Tower
87:16 Guard Tower
87:35 Guard Tower
90:28 Scout Tower
90:29 Scout Tower
90:30 Scout Tower
90:30 Scout Tower
90:46 Scout Tower
90:47 Scout Tower
90:57 Scout Tower
90:57 Scout Tower
91:01 Arcane Vault
91:04 Scout Tower
91:05 Scout Tower
91:08 Scout Tower
91:13 Scout Tower
91:15 Scout Tower
91:17 Scout Tower
91:18 Scout Tower
91:19 Guard Tower
91:27 Guard Tower
91:35 Guard Tower
91:36 Scout Tower
91:37 Scout Tower
91:54 Scout Tower
91:54 Scout Tower
91:57 Guard Tower
91:59 Scout Tower
92:00 Scout Tower
92:04 Scout Tower
92:05 Scout Tower
92:16 Guard Tower
92:19 Scout Tower
92:19 Scout Tower
92:21 Scout Tower
92:22 Scout Tower
92:40 Guard Tower
93:47 Arcane Tower
95:30 Scout Tower
95:59 Guard Tower
96:02 Scout Tower
96:13 Scout Tower
97:22 Scout Tower
97:25 Scout Tower
97:53 Arcane Tower
97:56 Scout Tower
97:57 Scout Tower
98:00 Lumber Mill
98:40 Scout Tower
99:33 Guard Tower
99:53 Guard Tower
99:57 Farm
101:05 Farm
101:07 Farm
101:35 Farm
101:45 Farm
104:47 Altar of Kings
105:58 Altar of Kings
108:09 Farm
108:10 Farm
109:34 Scout Tower
» items
| Lesser Clarity Potion | 5 | |
| Healing Salve | 4 | |
| Inferno Stone | 2 | |
| Ice Shard | 1 | |
| Scroll of Regeneration | 5 | |
| Scroll of Town Portal | 11 | |
| Staff of Sanctuary | 5 | |
| Robe of the Magi +6 | 1 | |
| Red Drake Egg | 1 | |
| Tiny Great Hall | 2 | |
| Orb of Lightning | 1 | |
38 total

»
M.ata (
purple | 105 APM | 11646 actions | 110:35)
7 Far Seer
3 Feral Spirit
3 Chain Lighting
1 Earth Quake
5 Shadow Hunter
2 Hex
3 Healing Wave
» actions
| Assign group hotkey | 925 | |
| Basic commands | 72 | |
| Build / train | 163 | |
| Enter build submenu | 463 | |
| Enter hero's abilities submenu | 14 | |
| Give item / drop item | 3 | |
| Remove unit from queue | 11 | |
| Right click | 5755 | |
| Select / deselect | 2685 | |
| Select group hotkey | 250 | |
| Use ability | 1301 | |
11646 total
» units
| Peon | 77 | |
| Troll Batrider | 17 | |
| Goblin Zeppelin | 8 | |
102 total
» upgrades
| Spiked Barricades | 1 | |
| Reinforced Defenses | 1 | |
2 total
» buildings
| Altar of Storms | 4 | |
| Orc Burrow | 13 | |
| War Mill | 8 | |
| Watch Tower | 356 | |
| Voodoo Lounge | 7 | |
| Stronghold | 4 | |
| Great Hall | 5 | |
| Fortress | 4 | |
| Beastiary | 2 | |
403 total
» build order
00:06 Altar of Storms
00:18 Orc Burrow
00:46 War Mill
02:07 Watch Tower
02:09 Watch Tower
02:19 Orc Burrow
02:52 Watch Tower
02:55 Watch Tower
03:26 Voodoo Lounge
03:32 Watch Tower
03:33 Watch Tower
03:52 Voodoo Lounge
03:55 Voodoo Lounge
04:19 Watch Tower
04:23 Watch Tower
04:25 Watch Tower
04:28 Watch Tower
04:29 Watch Tower
05:00 Watch Tower
05:03 Watch Tower
05:21 Watch Tower
05:22 Watch Tower
05:23 Watch Tower
05:36 Orc Burrow
05:36 Orc Burrow
05:39 Watch Tower
05:41 Watch Tower
06:04 Watch Tower
06:09 Watch Tower
06:28 Watch Tower
06:37 Watch Tower
06:39 Watch Tower
06:56 Watch Tower
07:36 Watch Tower
07:37 Watch Tower
07:47 Watch Tower
07:48 Watch Tower
07:49 Watch Tower
07:57 Watch Tower
07:58 Watch Tower
07:59 Watch Tower
08:08 Watch Tower
08:17 Watch Tower
08:18 Watch Tower
08:18 Watch Tower
08:30 Watch Tower
09:04 Watch Tower
09:07 Watch Tower
09:15 Watch Tower
09:16 Watch Tower
09:17 Watch Tower
09:38 Watch Tower
09:40 Watch Tower
09:41 Watch Tower
09:42 Watch Tower
09:55 Stronghold
09:55 Stronghold
10:02 Watch Tower
10:05 Watch Tower
10:08 Watch Tower
10:19 Watch Tower
10:38 Watch Tower
10:39 Watch Tower
11:03 Watch Tower
11:04 Watch Tower
11:04 Watch Tower
11:20 Great Hall
11:29 Watch Tower
11:40 Watch Tower
11:50 Watch Tower
11:54 Watch Tower
12:07 Watch Tower
12:13 Watch Tower
12:24 Watch Tower
12:45 Fortress
12:46 Fortress
13:23 Watch Tower
13:24 Watch Tower
13:25 Watch Tower
13:28 Watch Tower
13:43 Watch Tower
13:57 Watch Tower
13:58 Watch Tower
14:17 Watch Tower
14:21 Watch Tower
14:23 Watch Tower
14:53 Watch Tower
14:54 Watch Tower
15:05 Watch Tower
15:06 Watch Tower
15:22 Orc Burrow
15:31 Watch Tower
15:32 Watch Tower
15:33 Watch Tower
15:54 Watch Tower
16:21 Watch Tower
16:21 Watch Tower
16:22 Watch Tower
16:24 Watch Tower
16:28 Watch Tower
16:28 Watch Tower
16:37 Watch Tower
16:38 Watch Tower
16:38 Watch Tower
17:20 Watch Tower
17:28 Watch Tower
17:28 Watch Tower
17:42 Watch Tower
18:04 Watch Tower
18:05 Watch Tower
18:09 Watch Tower
18:12 Watch Tower
18:15 Watch Tower
18:16 Watch Tower
18:31 Watch Tower
18:42 Watch Tower
18:54 Watch Tower
18:58 Watch Tower
19:02 Watch Tower
19:03 Watch Tower
19:04 Watch Tower
19:09 Watch Tower
19:10 Watch Tower
19:11 Watch Tower
19:22 Watch Tower
19:23 Watch Tower
19:25 Watch Tower
20:12 Watch Tower
20:13 Watch Tower
20:14 Watch Tower
20:15 Watch Tower
20:32 Watch Tower
20:34 Watch Tower
20:39 Watch Tower
20:40 Watch Tower
21:12 Watch Tower
21:13 Watch Tower
21:14 Watch Tower
21:48 Watch Tower
22:00 Watch Tower
22:00 Watch Tower
22:01 Watch Tower
22:02 Watch Tower
22:33 Watch Tower
22:34 Watch Tower
22:34 Watch Tower
22:37 Watch Tower
22:38 Watch Tower
22:39 Watch Tower
22:41 Watch Tower
22:42 Watch Tower
22:57 Watch Tower
23:06 Orc Burrow
23:27 Watch Tower
23:28 Watch Tower
23:28 Watch Tower
23:30 Watch Tower
23:31 Watch Tower
23:32 Watch Tower
23:32 Watch Tower
24:17 Voodoo Lounge
24:38 Watch Tower
24:39 Watch Tower
24:40 Watch Tower
24:40 Watch Tower
24:41 Watch Tower
24:42 Watch Tower
24:43 Watch Tower
24:44 Watch Tower
24:47 Watch Tower
24:48 Watch Tower
24:50 Watch Tower
24:51 Watch Tower
25:40 War Mill
25:42 War Mill
26:06 Watch Tower
26:06 Watch Tower
26:07 Watch Tower
26:08 Watch Tower
26:10 Watch Tower
26:47 Altar of Storms
26:52 Orc Burrow
26:54 Orc Burrow
28:22 Watch Tower
28:25 Watch Tower
28:32 Watch Tower
28:52 War Mill
29:05 Watch Tower
29:07 Watch Tower
29:08 Watch Tower
29:31 Watch Tower
29:41 Watch Tower
29:43 Watch Tower
30:29 Watch Tower
30:30 Watch Tower
30:31 Watch Tower
30:32 Watch Tower
30:53 Watch Tower
30:53 Watch Tower
31:18 Watch Tower
31:22 Watch Tower
31:23 Watch Tower
31:24 Watch Tower
31:25 Watch Tower
31:33 Watch Tower
31:35 Watch Tower
31:52 Watch Tower
31:53 Watch Tower
33:39 Watch Tower
33:40 Watch Tower
33:41 Watch Tower
34:10 Watch Tower
34:12 Watch Tower
34:13 Watch Tower
34:14 Watch Tower
34:15 Watch Tower
34:16 Watch Tower
34:51 Watch Tower
35:24 Watch Tower
35:25 Watch Tower
35:26 Watch Tower
35:31 Watch Tower
35:33 Watch Tower
35:36 Watch Tower
35:37 Watch Tower
35:38 Watch Tower
36:17 Great Hall
36:40 Watch Tower
36:40 Watch Tower
36:41 Watch Tower
36:44 Watch Tower
36:46 Watch Tower
37:47 Watch Tower
37:47 Watch Tower
37:48 Watch Tower
37:49 Watch Tower
37:51 Watch Tower
38:57 Watch Tower
38:59 Watch Tower
39:00 Watch Tower
39:01 Watch Tower
39:05 Watch Tower
39:43 Watch Tower
39:53 Watch Tower
39:59 Stronghold
39:59 Stronghold
40:16 Watch Tower
40:16 Watch Tower
40:19 Watch Tower
40:32 Watch Tower
40:35 Watch Tower
40:57 Great Hall
41:05 Watch Tower
41:06 Watch Tower
41:06 Watch Tower
41:33 Watch Tower
41:34 Watch Tower
41:34 Watch Tower
41:36 Watch Tower
41:38 Watch Tower
41:39 Watch Tower
41:42 Watch Tower
41:45 Watch Tower
41:46 Watch Tower
41:47 Watch Tower
42:32 Fortress
42:32 Fortress
42:52 Watch Tower
42:54 Watch Tower
42:54 Watch Tower
43:12 Watch Tower
43:17 Watch Tower
43:27 Watch Tower
43:48 Watch Tower
43:49 Watch Tower
43:51 Watch Tower
43:52 Watch Tower
43:53 Watch Tower
43:53 Watch Tower
43:54 Watch Tower
44:15 Altar of Storms
44:43 Watch Tower
44:44 Watch Tower
44:53 Watch Tower
44:54 Watch Tower
46:57 Beastiary
47:16 Beastiary
48:54 Watch Tower
48:55 Watch Tower
49:10 Orc Burrow
50:54 Watch Tower
52:06 Watch Tower
52:07 Watch Tower
52:07 Watch Tower
53:17 Orc Burrow
54:35 Watch Tower
55:11 Watch Tower
55:12 Watch Tower
55:13 Watch Tower
55:15 Watch Tower
55:35 Watch Tower
56:02 Watch Tower
56:04 Watch Tower
56:08 Watch Tower
56:10 Watch Tower
56:13 Watch Tower
56:17 Watch Tower
56:18 Watch Tower
56:20 Watch Tower
58:01 Watch Tower
58:02 Watch Tower
58:05 Watch Tower
59:25 Watch Tower
59:27 Watch Tower
59:28 Watch Tower
59:47 Watch Tower
59:48 Watch Tower
59:56 Watch Tower
59:59 Watch Tower
60:00 Watch Tower
60:01 Watch Tower
62:17 Watch Tower
62:19 Watch Tower
64:32 Voodoo Lounge
64:34 Voodoo Lounge
67:01 Watch Tower
67:02 Watch Tower
69:53 Watch Tower
69:56 Watch Tower
70:54 Watch Tower
72:03 Great Hall
72:06 Great Hall
84:00 War Mill
85:49 Orc Burrow
86:02 Watch Tower
87:16 Watch Tower
87:17 Watch Tower
87:18 Watch Tower
87:22 Watch Tower
87:23 Watch Tower
87:29 Watch Tower
87:30 Watch Tower
89:50 Voodoo Lounge
90:13 Watch Tower
90:14 Watch Tower
90:15 Watch Tower
90:16 Watch Tower
90:21 Watch Tower
90:21 Watch Tower
90:32 Watch Tower
90:32 Watch Tower
90:49 Watch Tower
91:21 Watch Tower
91:22 Watch Tower
91:24 Watch Tower
91:25 Watch Tower
91:30 Watch Tower
91:31 Watch Tower
91:38 Watch Tower
91:39 Watch Tower
91:43 Watch Tower
91:44 Watch Tower
91:45 Watch Tower
91:46 Watch Tower
91:55 Watch Tower
92:24 Watch Tower
92:25 Watch Tower
93:22 Watch Tower
93:36 Watch Tower
94:09 Watch Tower
94:43 Watch Tower
96:51 Watch Tower
96:52 Watch Tower
97:59 Altar of Storms
98:14 Watch Tower
98:15 Watch Tower
99:28 Orc Burrow
99:29 Orc Burrow
99:32 Watch Tower
99:33 Watch Tower
100:45 War Mill
101:59 Watch Tower
101:59 Watch Tower
102:00 Watch Tower
102:17 Watch Tower
102:18 Watch Tower
102:27 Watch Tower
103:02 Watch Tower
103:06 Watch Tower
104:49 War Mill
104:59 Watch Tower
105:02 Watch Tower
105:47 Watch Tower
105:50 Watch Tower
106:29 Watch Tower
106:29 Watch Tower
107:10 Watch Tower
107:11 Watch Tower
107:47 Watch Tower
107:48 Watch Tower
108:09 Watch Tower
108:11 Watch Tower
108:33 War Mill
» items
| Robe of the Magi +6 | 4 | |
| Scroll of Town Portal | 6 | |
| Orb of Lightning | 1 | |
| Runed Bracers | 1 | |
| Healing Salve | 1 | |
| Staff of Sanctuary | 3 | |
| Mana Stone | 1 | |
| Health Stone | 1 | |
| Belt of Giant Strength +6 | 2 | |
| Inferno Stone | 2 | |
| Potion of Divinity | 1 | |
23 total
TYLERSUCKSATWAR (
green | 72 APM | 5318 actions | 73:56)
5 Archmage
3 Blizzard
2 Brilliance Aura
5 Pandaren Brewmaster
3 Breath of Fire
2 Drunken Haze
» actions
| Assign group hotkey | 22 | |
| Basic commands | 66 | |
| Build / train | 202 | |
| ESC pressed | 3 | |
| Enter build submenu | 168 | |
| Enter hero's abilities submenu | 10 | |
| Give item / drop item | 6 | |
| Right click | 2216 | |
| Select / deselect | 738 | |
| Select group hotkey | 1386 | |
| Use ability | 501 | |
5318 total
» units
| Peasant | 34 | |
| Dragonhawk Rider | 19 | |
53 total
» upgrades
| Masonry | 3 | |
| Lumber Harvesting | 2 | |
| Magic Sentry | 1 | |
| Armor | 3 | |
| Swords | 3 | |
| Cloud | 1 | |
| Animal War Training | 1 | |
| Storm Hammers | 1 | |
| Gunpowder | 3 | |
| Sorceress Training | 2 | |
| Priest Training | 2 | |
| Control Magic | 1 | |
| Flak Cannons | 1 | |
| Fragmentation Shards | 1 | |
| Barrage | 1 | |
| Flying Machine Bombs | 1 | |
| Flare | 1 | |
| Plating | 3 | |
31 total
» buildings
| Altar of Kings | 3 | |
| Farm | 25 | |
| Lumber Mill | 3 | |
| Scout Tower | 225 | |
| Arcane Tower | 3 | |
| Guard Tower | 80 | |
| Arcane Vault | 3 | |
| Keep | 1 | |
| Arcane Sanctum | 1 | |
| Castle | 1 | |
| Town Hall | 3 | |
| Blacksmith | 1 | |
| Gryphon Aviary | 3 | |
| Barracks | 1 | |
| Workshop | 1 | |
354 total
» build order
00:07 Altar of Kings
00:23 Farm
00:38 Lumber Mill
01:04 Farm
01:08 Scout Tower
01:37 Arcane Tower
01:43 Scout Tower
02:18 Guard Tower
02:21 Scout Tower
02:32 Scout Tower
02:56 Guard Tower
03:02 Scout Tower
03:03 Scout Tower
03:04 Scout Tower
03:09 Scout Tower
03:25 Guard Tower
03:28 Arcane Vault
03:40 Scout Tower
03:41 Scout Tower
03:42 Scout Tower
03:43 Scout Tower
03:48 Guard Tower
04:18 Scout Tower
04:18 Scout Tower
04:21 Scout Tower
04:21 Scout Tower
04:27 Guard Tower
04:33 Guard Tower
05:18 Guard Tower
05:23 Guard Tower
05:26 Scout Tower
05:27 Scout Tower
05:36 Scout Tower
05:37 Scout Tower
05:42 Scout Tower
06:16 Guard Tower
06:22 Scout Tower
06:23 Scout Tower
07:21 Keep
07:23 Guard Tower
07:25 Scout Tower
07:26 Scout Tower
07:27 Scout Tower
07:27 Scout Tower
07:36 Scout Tower
07:37 Scout Tower
07:38 Scout Tower
07:38 Scout Tower
08:19 Guard Tower
08:52 Guard Tower
09:34 Guard Tower
09:36 Scout Tower
09:37 Scout Tower
09:38 Scout Tower
09:39 Scout Tower
09:40 Scout Tower
09:41 Scout Tower
09:54 Guard Tower
09:57 Scout Tower
09:58 Scout Tower
10:00 Scout Tower
10:13 Arcane Sanctum
10:37 Guard Tower
10:38 Guard Tower
10:45 Farm
10:58 Guard Tower
10:58 Guard Tower
10:59 Guard Tower
11:34 Guard Tower
11:38 Scout Tower
11:39 Scout Tower
11:40 Scout Tower
11:41 Scout Tower
11:51 Castle
11:54 Guard Tower
12:19 Guard Tower
12:22 Scout Tower
12:23 Scout Tower
12:24 Scout Tower
12:25 Scout Tower
13:33 Town Hall
13:39 Guard Tower
13:48 Scout Tower
13:48 Scout Tower
14:08 Scout Tower
14:09 Scout Tower
14:09 Scout Tower
14:10 Scout Tower
14:11 Scout Tower
14:11 Scout Tower
14:12 Scout Tower
14:13 Scout Tower
14:14 Scout Tower
14:14 Scout Tower
15:04 Scout Tower
15:05 Scout Tower
15:06 Scout Tower
15:07 Scout Tower
15:08 Scout Tower
15:09 Scout Tower
15:16 Guard Tower
15:19 Guard Tower
15:43 Blacksmith
15:46 Arcane Vault
15:53 Scout Tower
15:53 Scout Tower
15:54 Scout Tower
15:55 Scout Tower
15:56 Scout Tower
15:57 Scout Tower
16:41 Gryphon Aviary
16:42 Gryphon Aviary
16:53 Guard Tower
17:00 Scout Tower
17:01 Scout Tower
17:05 Scout Tower
17:06 Scout Tower
17:07 Scout Tower
17:08 Scout Tower
17:15 Guard Tower
17:21 Scout Tower
17:22 Scout Tower
17:22 Scout Tower
17:23 Scout Tower
17:57 Guard Tower
17:59 Scout Tower
18:00 Scout Tower
18:01 Scout Tower
18:01 Scout Tower
18:02 Scout Tower
18:03 Scout Tower
18:04 Scout Tower
18:05 Scout Tower
18:06 Scout Tower
18:08 Scout Tower
18:36 Guard Tower
18:39 Scout Tower
18:40 Scout Tower
18:41 Scout Tower
18:42 Scout Tower
18:52 Guard Tower
19:03 Scout Tower
19:23 Guard Tower
19:25 Scout Tower
19:26 Scout Tower
19:37 Guard Tower
19:44 Guard Tower
20:02 Scout Tower
20:03 Scout Tower
20:03 Scout Tower
20:04 Scout Tower
20:07 Scout Tower
20:07 Scout Tower
20:08 Scout Tower
20:09 Scout Tower
20:29 Scout Tower
20:32 Scout Tower
20:33 Scout Tower
20:34 Scout Tower
20:36 Guard Tower
21:56 Farm
21:57 Farm
22:00 Guard Tower
22:15 Guard Tower
22:17 Scout Tower
22:18 Scout Tower
22:54 Guard Tower
23:46 Scout Tower
23:46 Scout Tower
23:47 Scout Tower
23:48 Scout Tower
24:10 Scout Tower
24:11 Scout Tower
24:13 Scout Tower
24:13 Scout Tower
24:14 Scout Tower
24:18 Scout Tower
24:51 Guard Tower
24:53 Scout Tower
24:54 Scout Tower
24:55 Scout Tower
24:55 Scout Tower
24:56 Scout Tower
24:56 Scout Tower
25:23 Guard Tower
25:36 Guard Tower
25:37 Scout Tower
25:48 Guard Tower
26:35 Guard Tower
26:39 Guard Tower
26:40 Scout Tower
26:41 Scout Tower
26:42 Scout Tower
26:43 Scout Tower
26:45 Scout Tower
26:45 Scout Tower
26:46 Scout Tower
27:14 Guard Tower
27:21 Scout Tower
27:22 Scout Tower
27:22 Scout Tower
27:23 Scout Tower
27:25 Scout Tower
27:25 Scout Tower
27:26 Scout Tower
27:40 Guard Tower
28:18 Guard Tower
28:26 Scout Tower
28:27 Scout Tower
28:28 Scout Tower
28:29 Scout Tower
28:32 Guard Tower
29:05 Guard Tower
29:18 Guard Tower
29:20 Guard Tower
29:37 Guard Tower
29:39 Scout Tower
29:40 Scout Tower
30:19 Guard Tower
30:22 Arcane Vault
30:27 Scout Tower
30:29 Scout Tower
30:29 Scout Tower
30:31 Scout Tower
30:32 Scout Tower
30:34 Scout Tower
30:35 Scout Tower
30:35 Scout Tower
30:36 Scout Tower
31:30 Barracks
31:57 Scout Tower
31:58 Scout Tower
31:59 Scout Tower
32:00 Scout Tower
32:08 Scout Tower
32:08 Scout Tower
32:09 Scout Tower
32:10 Scout Tower
32:10 Scout Tower
32:11 Scout Tower
32:11 Scout Tower
32:13 Scout Tower
32:14 Scout Tower
32:21 Guard Tower
32:26 Scout Tower
32:27 Scout Tower
32:27 Scout Tower
32:28 Scout Tower
32:28 Scout Tower
32:29 Scout Tower
32:37 Guard Tower
33:07 Guard Tower
33:12 Farm
33:15 Farm
33:16 Farm
33:17 Farm
33:17 Farm
33:18 Farm
33:22 Guard Tower
33:26 Scout Tower
33:26 Scout Tower
33:27 Scout Tower
33:28 Scout Tower
33:42 Guard Tower
33:46 Guard Tower
33:47 Guard Tower
33:55 Scout Tower
33:56 Scout Tower
33:58 Scout Tower
34:00 Scout Tower
34:00 Scout Tower
34:10 Guard Tower
34:34 Scout Tower
34:36 Scout Tower
34:37 Scout Tower
34:58 Guard Tower
35:13 Guard Tower
35:39 Lumber Mill
35:42 Lumber Mill
37:00 Guard Tower
37:15 Guard Tower
37:21 Guard Tower
38:31 Scout Tower
38:32 Scout Tower
38:33 Scout Tower
38:59 Scout Tower
39:03 Guard Tower
39:54 Arcane Tower
39:57 Guard Tower
40:00 Scout Tower
40:01 Scout Tower
40:02 Scout Tower
40:04 Guard Tower
40:07 Town Hall
40:11 Gryphon Aviary
41:46 Guard Tower
42:33 Scout Tower
42:34 Scout Tower
42:36 Scout Tower
42:37 Scout Tower
43:32 Scout Tower
43:32 Scout Tower
43:33 Scout Tower
43:34 Scout Tower
43:34 Scout Tower
43:35 Scout Tower
44:11 Guard Tower
44:32 Guard Tower
44:57 Guard Tower
45:04 Farm
45:06 Farm
45:07 Farm
45:37 Guard Tower
46:58 Workshop
47:00 Scout Tower
47:08 Scout Tower
47:09 Scout Tower
48:34 Arcane Tower
48:38 Scout Tower
48:39 Scout Tower
48:42 Guard Tower
48:46 Scout Tower
49:35 Scout Tower
49:35 Scout Tower
49:36 Scout Tower
49:38 Scout Tower
50:18 Guard Tower
50:35 Guard Tower
53:07 Guard Tower
53:24 Farm
53:25 Farm
53:26 Farm
55:14 Farm
55:14 Farm
55:15 Farm
57:17 Farm
57:19 Farm
60:58 Farm
60:59 Farm
61:05 Altar of Kings
62:26 Farm
64:11 Altar of Kings
65:49 Town Hall
67:37 Scout Tower
67:52 Scout Tower
67:53 Scout Tower
67:53 Scout Tower
68:31 Guard Tower
71:12 Guard Tower
71:17 Scout Tower
71:17 Scout Tower
72:22 Guard Tower
73:49 Scout Tower
73:50 Scout Tower
» items
| Lesser Clarity Potion | 1 | |
| Healing Salve | 2 | |
| Inferno Stone | 1 | |
| Mana Stone | 1 | |
| Orb of Lightning | 2 | |
| Robe of the Magi +6 | 2 | |
| Boots of Quel'Thalas +6 | 2 | |
| Staff of Sanctuary | 2 | |
| Potion of Healing | 4 | |
| Runed Bracers | 1 | |
| Belt of Giant Strength +6 | 2 | |
| Scroll of Town Portal | 1 | |
21 total
team 2 (loser)
ChrissVonBelsar (
teal | 115 APM | 12678 actions | 110:35)
10 Tauren Chieftain
3 Shockwave
3 Endurance Aura
1 Reincarnation
3 War Stomp
7 Shadow Hunter
3 Hex
3 Healing Wave
1 Big Bad Voodoo
7 Far Seer
3 Feral Spirit
3 Chain Lighting
1 Earth Quake
» actions
| Assign group hotkey | 156 | |
| Basic commands | 41 | |
| Build / train | 269 | |
| Enter build submenu | 56 | |
| Enter hero's abilities submenu | 24 | |
| Give item / drop item | 9 | |
| Remove unit from queue | 5 | |
| Right click | 4223 | |
| Select / deselect | 3545 | |
| Select group hotkey | 3795 | |
| Use ability | 555 | |
12678 total
» units
| Peon | 11 | |
| Grunt | 6 | |
| Tauren | 46 | |
| Shaman | 36 | |
| Troll Witch Doctor | 35 | |
| Demolisher | 15 | |
| Spirit Walker | 5 | |
| Wind Rider | 2 | |
| Goblin Zeppelin | 1 | |
| Troll Batrider | 4 | |
161 total
» upgrades
| Berserker Strength | 1 | |
| Witch Doctor Training | 2 | |
| Shaman Training | 2 | |
| Spirit Walker Training | 2 | |
| Pulverize | 1 | |
| Reinforced Defenses | 1 | |
| Burning Oil | 1 | |
| Melee Weapons | 3 | |
| Armor | 3 | |
| Spiked Barricades | 3 | |
| Ranged Weapons | 3 | |
| Liquid Fire | 1 | |
23 total
» buildings
| Altar of Storms | 1 | |
| Orc Burrow | 10 | |
| Barracks | 2 | |
| Voodoo Lounge | 4 | |
| Stronghold | 1 | |
| War Mill | 2 | |
| Spirit Lodge | 2 | |
| Fortress | 1 | |
| Tauren Totem | 3 | |
| Great Hall | 1 | |
| Watch Tower | 22 | |
| Beastiary | 3 | |
52 total
» build order
00:14 Altar of Storms
00:20 Orc Burrow
00:34 Barracks
01:25 Orc Burrow
01:56 Voodoo Lounge
03:00 Voodoo Lounge
03:29 Stronghold
04:02 Orc Burrow
04:21 War Mill
04:46 Orc Burrow
05:57 Spirit Lodge
05:58 Fortress
08:17 Spirit Lodge
08:19 Tauren Totem
09:00 Tauren Totem
11:01 Orc Burrow
11:57 Orc Burrow
16:13 Orc Burrow
17:03 Orc Burrow
19:18 Orc Burrow
26:00 Great Hall
26:10 Watch Tower
28:15 Watch Tower
33:43 Watch Tower
34:04 Watch Tower
36:15 Watch Tower
37:24 Watch Tower
39:00 Watch Tower
41:40 Watch Tower
43:11 Watch Tower
48:59 Watch Tower
49:01 Watch Tower
49:02 Watch Tower
49:04 Watch Tower
49:43 Watch Tower
49:45 Watch Tower
49:54 Watch Tower
50:58 Watch Tower
51:00 Watch Tower
52:41 Watch Tower
69:47 Barracks
74:35 Tauren Totem
76:09 Orc Burrow
81:09 Voodoo Lounge
85:00 War Mill
99:49 Voodoo Lounge
101:42 Beastiary
101:44 Beastiary
101:47 Beastiary
102:21 Watch Tower
102:23 Watch Tower
102:24 Watch Tower
» items
| Healing Salve | 8 | |
| Lesser Clarity Potion | 18 | |
| Potion of Healing | 12 | |
| Orb of Lightning | 1 | |
| Potion of Mana | 7 | |
| Scroll of Healing | 1 | |
| Potion of Restoration | 2 | |
| Scroll of Town Portal | 3 | |
52 total
Fu(R)ion (
blue | 65 APM | 7142 actions | 110:35)
10 Priestess of the Moon
3 Searing Arrows
3 Trueshot Aura
1 Starfall
3 Scout
10 Keeper of the Grove
3 Entangling Roots
3 Thorns Aura
1 Tranquility
3 Force of Nature
» actions
| Assign group hotkey | 82 | |
| Basic commands | 24 | |
| Build / train | 230 | |
| Enter build submenu | 46 | |
| Enter hero's abilities submenu | 23 | |
| Give item / drop item | 1 | |
| Remove unit from queue | 8 | |
| Right click | 3500 | |
| Select / deselect | 1302 | |
| Select group hotkey | 1719 | |
| Use ability | 206 | |
7142 total
» units
| Wisp | 40 | |
| Huntress | 5 | |
| Forest Troll Shadow Priest | 1 | |
| Chimaera | 32 | |
| Hippogryph | 8 | |
| Archer | 42 | |
| Goblin Zeppelin | 2 | |
| Faerie Dragon | 4 | |
| Goblin Sapper | 6 | |
140 total
» upgrades
| Strength of the Wild | 3 | |
| Reinforced Hides | 3 | |
| Corrosive Breath | 1 | |
| Strength of the Moon | 3 | |
| Improved Bows | 1 | |
| Marksmanship | 1 | |
| Moon Armor | 3 | |
| Ultravision | 1 | |
| Well Spring | 1 | |
| Sentinel | 1 | |
| Upgrade Moon Glaive | 1 | |
| Druid of the Talon Training | 1 | |
| Hippogryph Taming | 1 | |
| Backpack | 1 | |
22 total
» buildings
| Altar of Elders | 1 | |
| Moon Well | 9 | |
| Ancient of War | 4 | |
| Hunter's Hall | 2 | |
| Ancient Protector | 16 | |
| Tree of Ages | 1 | |
| Ancient of Wind | 5 | |
| Tree of Eternity | 1 | |
| Chimaera Roost | 4 | |
| Tree of Life | 2 | |
| Ancient of Wonders | 1 | |
46 total
» build order
00:21 Altar of Elders
00:26 Moon Well
00:51 Ancient of War
01:58 Hunter's Hall
02:24 Moon Well
03:01 Ancient of War
03:50 Moon Well
06:31 Ancient Protector
06:33 Hunter's Hall
06:37 Ancient Protector
06:39 Ancient Protector
06:40 Ancient Protector
06:42 Ancient Protector
06:43 Ancient Protector
07:25 Tree of Ages
10:02 Ancient of Wind
11:08 Tree of Eternity
11:30 Moon Well
12:31 Moon Well
13:33 Chimaera Roost
13:36 Chimaera Roost
13:46 Chimaera Roost
14:20 Moon Well
27:28 Moon Well
35:55 Moon Well
35:56 Moon Well
41:30 Ancient of War
41:33 Ancient of War
64:17 Tree of Life
65:14 Tree of Life
66:39 Ancient Protector
66:41 Ancient Protector
66:44 Ancient Protector
66:47 Ancient Protector
68:07 Ancient Protector
68:43 Ancient Protector
68:44 Ancient Protector
68:48 Ancient Protector
68:54 Ancient Protector
68:57 Ancient Protector
77:32 Ancient of Wonders
81:16 Chimaera Roost
107:55 Ancient of Wind
107:57 Ancient of Wind
108:00 Ancient of Wind
108:12 Ancient of Wind
» items
| Scroll of Town Portal | 11 | |
| Healing Salve | 2 | |
| Potion of Healing | 6 | |
| Scroll of Resurrection | 1 | |
| Tiny Great Hall | 1 | |
| Scroll of Speed | 1 | |
| Scroll of Healing | 5 | |
| Staff of Preservation | 1 | |
| Orb of Corruption | 1 | |
| Moonstone | 1 | |
| Anti-magic Potion | 3 | |
| Orb of Venom | 1 | |
34 total
GoodStuffix (
pink | 36 APM | 4002 actions | 110:35)
9 Death Knight
3 Death Coil
3 Unholy Aura
1 Animate Dead
2 Death Pact
8 Lich
3 Frost Nova
3 Frost Armor
1 Death and Decay
1 Dark Ritual
4 Dreadlord
3 Carrion Swarm
1 Vampiric Aura
» actions
| Assign group hotkey | 91 | |
| Basic commands | 13 | |
| Build / train | 148 | |
| Enter build submenu | 37 | |
| Enter hero's abilities submenu | 22 | |
| Give item / drop item | 1 | |
| Remove unit from queue | 14 | |
| Right click | 1602 | |
| Select / deselect | 655 | |
| Select group hotkey | 1244 | |
| Use ability | 175 | |
4002 total
» units
| Acolyte | 27 | |
| Ghoul | 3 | |
| Crypt Fiend | 6 | |
| Frost Wyrm | 31 | |
| Gargoyle | 22 | |
| Obsidian Statue | 2 | |
91 total
» upgrades
| Creature Attack | 3 | |
| Creature Carapace | 3 | |
| Web | 1 | |
| Freezing Breath | 1 | |
| Destroyer Form | 1 | |
9 total
» buildings
| Crypt | 2 | |
| Ziggurat | 9 | |
| Altar of Darkness | 1 | |
| Graveyard | 1 | |
| Tomb of Relics | 2 | |
| Nerubian Tower | 1 | |
| Halls of the Dead | 1 | |
| Black Citadel | 1 | |
| Sacrificial Pit | 1 | |
| Boneyard | 3 | |
| Necropolis | 2 | |
| Slaughterhouse | 2 | |
26 total
» build order
00:11 Crypt
00:16 Ziggurat
00:39 Altar of Darkness
01:08 Graveyard
01:31 Ziggurat
02:10 Crypt
02:21 Tomb of Relics
02:45 Nerubian Tower
03:45 Tomb of Relics
03:56 Ziggurat
06:33 Ziggurat
07:08 Halls of the Dead
09:55 Black Citadel
10:00 Sacrificial Pit
11:23 Ziggurat
12:37 Boneyard
12:58 Boneyard
15:22 Ziggurat
15:27 Ziggurat
15:30 Ziggurat
22:57 Boneyard
33:20 Necropolis
33:24 Necropolis
53:23 Ziggurat
64:23 Slaughterhouse
64:26 Slaughterhouse
» items
| Healing Salve | 1 | |
| Orb of Lightning | 1 | |
| Lesser Clarity Potion | 1 | |
| Orb of Corruption | 1 | |
| Potion of Healing | 2 | |
| Scroll of Town Portal | 2 | |
| Book of the Dead | 1 | |
9 total
h4b1 (
red | 62 APM | 6839 actions | 110:35)
10 Death Knight
3 Death Coil
3 Unholy Aura
1 Animate Dead
3 Death Pact
10 Lich
3 Frost Nova
3 Frost Armor
1 Death and Decay
3 Dark Ritual
1 Dreadlord
1 Vampiric Aura
» actions
| Assign group hotkey | 207 | |
| Basic commands | 52 | |
| Build / train | 158 | |
| Enter build submenu | 32 | |
| Enter hero's abilities submenu | 23 | |
| Give item / drop item | 2 | |
| Remove unit from queue | 3 | |
| Right click | 2330 | |
| Select / deselect | 1303 | |
| Select group hotkey | 2436 | |
| Use ability | 288 | |
6839 total
» units
| Acolyte | 27 | |
| Ghoul | 4 | |
| Crypt Fiend | 12 | |
| Meatwagon | 16 | |
| Gargoyle | 7 | |
| Obsidian Statue | 20 | |
| Goblin Zeppelin | 2 | |
88 total
» upgrades
| Unholy Strength | 2 | |
| Creature Attack | 3 | |
| Destroyer Form | 1 | |
| Creature Carapace | 3 | |
| Web | 1 | |
10 total
» buildings
| Graveyard | 1 | |
| Crypt | 3 | |
| Ziggurat | 39 | |
| Altar of Darkness | 1 | |
| Nerubian Tower | 3 | |
| Tomb of Relics | 1 | |
| Halls of the Dead | 1 | |
| Black Citadel | 1 | |
| Sacrificial Pit | 1 | |
| Slaughterhouse | 3 | |
| Spirit Tower | 5 | |
| Necropolis | 1 | |
60 total
» build order
00:13 Graveyard
00:17 Crypt
00:41 Ziggurat
01:03 Altar of Darkness
01:38 Ziggurat
01:41 Ziggurat
02:11 Nerubian Tower
02:19 Tomb of Relics
04:04 Halls of the Dead
05:17 Ziggurat
05:44 Ziggurat
07:16 Black Citadel
08:10 Sacrificial Pit
09:49 Slaughterhouse
09:50 Slaughterhouse
09:51 Slaughterhouse
10:53 Ziggurat
10:54 Ziggurat
11:47 Ziggurat
11:48 Ziggurat
12:20 Ziggurat
12:21 Ziggurat
20:23 Crypt
20:24 Crypt
34:35 Ziggurat
34:37 Ziggurat
34:38 Ziggurat
34:38 Ziggurat
34:40 Ziggurat
34:41 Ziggurat
34:41 Ziggurat
35:39 Spirit Tower
35:51 Nerubian Tower
36:22 Spirit Tower
37:27 Ziggurat
37:28 Ziggurat
37:29 Ziggurat
38:14 Ziggurat
38:15 Ziggurat
38:15 Ziggurat
38:15 Ziggurat
38:36 Nerubian Tower
41:14 Spirit Tower
44:27 Ziggurat
44:27 Ziggurat
44:28 Ziggurat
52:14 Ziggurat
52:15 Ziggurat
52:16 Ziggurat
52:17 Ziggurat
52:19 Ziggurat
54:48 Necropolis
54:50 Spirit Tower
65:46 Ziggurat
65:47 Ziggurat
65:47 Ziggurat
65:47 Ziggurat
65:48 Ziggurat
65:48 Ziggurat
76:13 Spirit Tower
» items
| Rod of Necromancy | 1 | |
| Scroll of Town Portal | 11 | |
| Potion of Healing | 1 | |
| Orb of Corruption | 5 | |
| Scroll of Speed | 3 | |
| Orb of Lightning | 3 | |
24 total
Chat log
(00:27 / All) TYLERSUCKSATWAR: good luck and havin fun
(00:30 / All) ChrissVonBelsar: same
(00:35 / All) BEAR_AND: good luck; don't suck
(00:40 / All) ChrissVonBelsar: ok
(00:51 / Allies) BEAR_AND: i think microphone is finally dead
(00:54 / All) ChrissVonBelsar: i do my best
(01:00 / Allies) TYLERSUCKSATWAR: i think ur dead *(crack knuckle*
(01:27 / Allies) BEAR_AND: getting....dr alch
(02:00 / Allies) BEAR_AND: i noticed at last second....too late
(04:43 / Allies) BEAR_AND: not gonna get chim
(04:47 / Allies) BEAR_AND: just wisp.
(05:10 / Allies) BEAR_AND: "i will aid u" -mira shade wither
(05:10 / All) GoodStuffix: DIE
(05:16 / All) GoodStuffix: HAHAHA
(05:17 / Allies) BEAR_AND: noob
(08:02 / All) GoodStuffix: HAHAHA
(08:04 / All) GoodStuffix: noobz
(10:25 / All) GoodStuffix: :D
(17:30 / Allies) BEAR_AND: would be good to do
(19:57 / All) iggy_the_fisk: you guys are not very good huh??
(20:33 / All) GoodStuffix: GG
(20:36 / Allies) BEAR_AND: my tree is safe....
(21:58 / Allies) BEAR_AND: i cant see anything so mnay "dead hero"
(22:24 / All) GoodStuffix: GG
(24:30 / All) GoodStuffix: lol u suck
(26:56 / Allies) BEAR_AND: gold
(27:14 / All) GoodStuffix: GG
(27:59 / Allies) BEAR_AND: dr ig uess
(32:14 / Allies) BEAR_AND: we splitting this or are you dual mining?
(33:32 / Allies) BEAR_AND: i can tech to kotg but he'll be a little bitch
(33:35 / Allies) BEAR_AND: in the face of coil
(35:04 / All) GoodStuffix: HHAHHAHAHA
(39:22 / All) GoodStuffix: :D
(39:24 / All) GoodStuffix: XD
(40:29 / All) GoodStuffix: AHAHHAHAHA
(40:35 / All) iggy_the_fisk: big noob loves to talk
(41:54 / Allies) TYLERSUCKSATWAR: gold
(42:27 / Allies) BEAR_AND: ankh
(42:47 / Allies) TYLERSUCKSATWAR: gold
(44:25 / Allies) BEAR_AND: gold
(46:02 / Allies) BEAR_AND: let loose the dog of war
(46:21 / Allies) BEAR_AND: i would love tmute charm
(46:31 / Allies) BEAR_AND: haha damn nobody is 6 yet
(47:17 / Allies) BEAR_AND: this is like footman frenzy.
(47:20 / Allies) BEAR_AND: all these ults
(48:24 / All) GoodStuffix: GG noobz
(48:31 / All) M.ata: game not even started yet
(48:33 / All) iggy_the_fisk: yeah nice try
(48:34 / Allies) BEAR_AND: my wisps are orphans that are disillusioned by the foster care system
(48:37 / All) iggy_the_fisk: Micro better maybe u win one day
(48:50 / All) ChrissVonBelsar: y
(48:52 / All) ChrissVonBelsar: maybe
(49:46 / All) GoodStuffix: AHAHA noob sh die
(52:24 / All) BEAR_AND: hahahhaha lol lmao ur wyrm, dead
(54:39 / Allies) iggy_the_fisk: and that's me
(54:40 / Allies) iggy_the_fisk: you know
(54:41 / Allies) iggy_the_fisk: iggy
(54:44 / Allies) iggy_the_fisk: orange
(55:18 / Allies) iggy_the_fisk: gooooooold
(56:02 / Allies) BEAR_AND: i treasure them
(56:03 / Allies) iggy_the_fisk: give me gold using the allies menu hotkey F11
(57:15 / All) GoodStuffix: suck dick iggy noob
(57:37 / All) iggy_the_fisk: you are bad player :)
(57:46 / All) GoodStuffix: u soo good :D
(57:49 / All) iggy_the_fisk: woops
(57:51 / All) iggy_the_fisk: dread lord dead
(58:48 / All) iggy_the_fisk: damn where ur mine...a nd dread lord
(62:10 / Allies) BEAR_AND: 2
(67:04 / All) M.ata: gl hf
(67:52 / Allies) BEAR_AND: no
(68:18 / All) ChrissVonBelsar: i see u like td
(72:13 / Allies) BEAR_AND: love these staffs
(72:16 / Allies) BEAR_AND: they heal instantly from fount
(73:56 / Allies) BEAR_AND: not really,
(73:59 / Allies) BEAR_AND: well; ok
(74:27 / Allies) BEAR_AND: someone else got his hero?
(74:33 / Allies) BEAR_AND: ok.
(74:44 / Allies) BEAR_AND: gold (a lil)
(75:52 / Allies) BEAR_AND: fps
(75:54 / Allies) BEAR_AND: too ow
(77:09 / Allies) BEAR_AND: ud and tc aura on demos is crazy
(77:40 / Allies) BEAR_AND: do you want me to make units or anything
(77:52 / Allies) BEAR_AND: you woul dhave to feed me gold
(77:55 / Allies) BEAR_AND: nm
(78:15 / Allies) BEAR_AND: i'm leaving timg heroes dead until mine are 6 or someone else wants to use them
(87:26 / Allies) BEAR_AND: gold
(88:55 / All) GoodStuffix: GG noobz
(89:47 / Allies) BEAR_AND: i can genuinely not believe she survived
(89:49 / Allies) BEAR_AND: they were gunning for her
(89:53 / All) GoodStuffix: GG noobz
(89:58 / All) GoodStuffix: IGGY NOOB FU
(90:00 / All) GoodStuffix: AHAHHA
(90:12 / All) iggy_the_fisk: Lmao big noob gets lucky cuz one drops
(90:16 / All) iggy_the_fisk: doesn't know how to play
(90:35 / All) GoodStuffix: AHHAHAHAH U LOSE AND U SUCK
(91:25 / All) iggy_the_fisk: fat noob wants 1v1? lol didn't think so
(92:55 / Allies) BEAR_AND: dr die
(93:14 / Allies) BEAR_AND: why does their potm have 2 ams potions
(93:20 / All) iggy_the_fisk: nice micro noob
(93:22 / All) GoodStuffix: HAHAHAAHHAHA
(93:25 / All) GoodStuffix: HAHAHA DIE
(93:25 / All) iggy_the_fisk: 1v1? lol
(93:28 / All) GoodStuffix: FU
(93:40 / All) GoodStuffix: DIE NOOB AND GG FU
(93:42 / All) GoodStuffix: u sux
(93:45 / All) BEAR_AND: hahahah u just mad cause we towered u
(94:04 / All) GoodStuffix: yes u suck tahts is raght
(94:06 / All) iggy_the_fisk: mad cause u know u noob and dodge 1v1
(94:36 / All) GoodStuffix: SUCK MY DICK
(94:43 / All) GoodStuffix: H@H@HH@H@H@H@H@H
(94:52 / All) iggy_the_fisk: 1v1? lol
(95:03 / All) h4b1: H@HH@ NOOBS
(95:04 / All) GoodStuffix: little iggy die XD
(95:13 / All) GoodStuffix: SO BAD
(95:15 / All) GoodStuffix: :D|
(95:17 / All) BEAR_AND: little dreadlord die for 40th time
(95:24 / All) BEAR_AND: h@ H2 H@
(95:26 / All) GoodStuffix: lol
(95:34 / All) GoodStuffix: i been afk 50% game
(95:35 / All) GoodStuffix: :D
(95:41 / All) M.ata: i can tell
(95:42 / All) GoodStuffix: AND U LOSE
(95:48 / All) iggy_the_fisk: ^should go afk more improves ur play
(96:55 / All) GoodStuffix: h@h@h@h@hh@h@h@h
(97:16 / Allies) BEAR_AND: 1
(98:29 / All) GoodStuffix: DIE FAST
(98:45 / All) BEAR_AND: fat tc
(98:46 / All) M.ata: like ya tc?
(98:47 / All) BEAR_AND: in a grave
(99:00 / All) ChrissVonBelsar: hes awake
(99:03 / All) ChrissVonBelsar: already
(99:15 / All) GoodStuffix: plz suck my dick
(99:17 / All) GoodStuffix: AHHAHAHAH
(99:35 / Allies) BEAR_AND: 18 from l6 dr
(99:45 / All) h4b1: free win
(99:45 / All) GoodStuffix: SUCK one more time iggy muther is the best
(99:47 / All) GoodStuffix: AHAH
(99:56 / Allies) BEAR_AND: probab;ly.
(100:05 / Allies) BEAR_AND: when evac
(100:16 / Allies) BEAR_AND: give dr a staff
(100:24 / Allies) BEAR_AND: whatev
(100:36 / All) ChrissVonBelsar: this fat tc own u
(100:37 / All) ChrissVonBelsar: ;8
(100:45 / All) GoodStuffix: IGGY AHAHHA
(100:50 / Allies) BEAR_AND: little gold
(100:58 / All) GoodStuffix: IGGY LOL NOOB
(101:14 / All) iggy_the_fisk: lmao yet u don't dare 1v1 me
(101:24 / All) iggy_the_fisk: cause you know only won with imbalance and dropped allie
(101:25 / All) GoodStuffix: iggy so pro
(101:27 / Allies) BEAR_AND: i can staff alch home
(101:47 / Allies) BEAR_AND: i do
(102:09 / Allies) BEAR_AND: they find us in like 1 min
(102:26 / All) GoodStuffix: iggy so pro
(102:28 / All) GoodStuffix: HAHAHAHAH
(102:41 / All) iggy_the_fisk: goodstuff so noob lol
(102:51 / All) GoodStuffix: OK pro u win XD
(102:54 / All) GoodStuffix: HAHAHAH
(102:59 / All) GoodStuffix: But leave plz
(103:06 / All) iggy_the_fisk: 1v1???
(103:09 / All) GoodStuffix: FU?>
(103:15 / All) GoodStuffix: u mather bitch
(103:19 / All) GoodStuffix: +D
(103:44 / All) GoodStuffix: :D
(103:45 / Allies) BEAR_AND: park hawks closer to intercept zone
(103:54 / All) GoodStuffix: IGGY SO NOOB DIE
(104:01 / Allies) BEAR_AND: one charm
(104:05 / All) GoodStuffix: DIE NOOB
(104:14 / All) GoodStuffix: @H@HH@H@H@H@HH@H
(104:17 / All) iggy_the_fisk: 1v1 me noob? lmao no cause you suck
(104:38 / Allies) BEAR_AND: 4hp last wisp
(105:08 / All) GoodStuffix: iggy is so pro but the no have hero @HH@H@H@H@HH@H@H
(105:27 / All) GoodStuffix: suck iggy suck faster!
(105:35 / All) iggy_the_fisk: goodstuffix so noob he dodges 1v1
(105:45 / All) GoodStuffix: why i kill u?
(105:48 / All) GoodStuffix: u noob
(105:50 / All) GoodStuffix: HAHAHA
(105:55 / All) iggy_the_fisk: with drope alliea
(106:06 / Allies) BEAR_AND: yompdogs?
(106:23 / All) GoodStuffix: its end iggy the noob
(106:37 / All) iggy_the_fisk: ends when you stop dodging 1v1 lmao
(106:59 / All) GoodStuffix: iggy pro H@H@H@H@H@H@HH@H@
(107:17 / All) GoodStuffix: why u play that long game
(107:19 / All) GoodStuffix: u lose?
(107:54 / Allies) BEAR_AND: the weyrm gonna come
(107:57 / Allies) BEAR_AND: then we done.
(108:11 / All) GoodStuffix: why iggy u pro becose u lose ??
(108:22 / Allies) BEAR_AND: th
(109:30 / All) GoodStuffix: DIE NOOBXZZ
(110:12 / All) GoodStuffix: plz iggy no die @HH@H@H@H@H@H@H
(110:34 / Allies) BEAR_AND: no more builden